 Dungeon Crawl Stone Soup version 0.27.0-1-g7a089689b8 (webtiles) character file.

Game seed: 9546580858820806366

72 Spaninq the Magician (level 4, -1/31 HPs)
             Began as a Djinni Summoner on Aug 6, 2021.
             Was a Follower of Makhleb.
             Killed by divine providence
             ... invoked by an orc priest
              (17 damage)
             ... on level 3 of the Dungeon.
             The game lasted 00:11:33 (5957 turns).

Spaninq the Magician (Djinni Summoner)              Turns: 5957, Time: 00:11:35

Health: -1/31      AC:  3    Str:  7    XL:     4   Next: 48%
Gold:   67         EV: 12    Int: 18    God:    Makhleb [*.....] SH:  0 Dex: 13

rFire    + + .     SeeInvis .   o - +3 dagger
rCold    x . .     Faith    .   (no shield)
rNeg     . . .     Spirit   .   a - +0 robe
rPois    ∞         Reflect  .   k - +0 helmet
rElec    .         Harm     .   (no cloak)
rCorr    .         Rampage  .   (no gloves)
Will     .....                  (boots unavailable)
Stlth    ++........             (no amulet)
HPRegen  0.10/turn              (no ring)
MPRegen  0.00/turn              (no ring)

@: flying
A: sickness immunity, fire resistance 2, cold vulnerability 1, float, innate
caster, hp casting, extra vitality 1
a: Renounce Religion


You were on level 3 of the Dungeon.
You worshipped Makhleb.
Makhleb was aware of your devotion.
You visited 1 branch of the dungeon, and saw 3 of its levels.

You collected 67 gold pieces.

Inventory:

Hand Weapons
 o - a +3 dagger (weapon)
Armour
 a - a +0 robe (worn)
 k - a +0 helmet (worn)
Jewellery
 c - a ring of fire
 h - a ring of willpower
Scrolls
 e - a scroll of enchant armour {unknown}
 i - a scroll of identify {unknown}
 l - a scroll of enchant weapon {unknown}
 n - a scroll of magic mapping {unknown}
 p - a scroll of fog {unknown}
 q - a scroll of fear {unknown}
Potions
 b - 2 potions of curing {unknown}
 d - a potion of attraction {unknown}
 f - a potion of haste {unknown}
 g - a potion of degeneration {unknown}
 j - 2 potions of cancellation {unknown}
 m - a potion of heal wounds {unknown}
 r - a potion of flight {unknown}


   Skills:
 - Level 2.1 Dodging
 - Level 1.5 Stealth
 + Level 4.4 Spellcasting


You couldn't memorise any spells.
You knew the following spells:

 Your Spells              Type           Power      Damage    Failure   Level
a - Summon Small Mammal   Summ           80%        N/A       2%          1
b - Call Imp              Summ           20%        N/A       3%          2
c - Call Canine Familiar  Summ           20%        N/A       7%          3
d - Summon Guardian Gole  Hex/Summ       20%        N/A       7%          3
e - Summon Lightning Spi  Summ/Air       20%        N/A       22%         4
f - Magic Dart            Conj           80%        1d7       2%          1
Your spell library was empty.

Dungeon Overview and Level Annotations

Branches:
Dungeon (3/15)

Altars:
Elyvilon
Makhleb


Innate Abilities, Weirdness & Mutations

You are immune to sickness and miasma.
You are immune to poison.
Your flesh is very heat resistant. (rF++)
You are vulnerable to cold. (rC-)
You float through the air rather than walking.
You learn spells naturally, not from books.
Your magical power is your life essence.
You have superior vitality. (+4 HP)


Message History

The stone hits you.
The orc hits your iron imp but does no damage.
Your iron imp hits the orc.
The orc dies!
Makhleb accepts your kill. The orc closely misses your iron imp.
You swap places.
The orc priest closely misses your iron imp.
Your iron imp hits the orc priest.
The orc completely misses your iron imp.
The orc priest hits your iron imp with a +0 club.
The orc barely misses your iron imp.
Your iron imp barely misses the orc priest.
The orc priest hits your iron imp but does no damage.
The orc throws a stone.
The stone hits your iron imp but does no damage.
Your iron imp completely misses the orc priest.
The orc priest hits your iron imp with a +0 club.
The orc throws a stone.
The stone hits your iron imp but does no damage.
Your iron imp barely misses the orc.
The orc priest hits your iron imp with a +0 club.
The orc hits your iron imp but does no damage.
The orc priest hits your iron imp but does no damage.
Your iron imp closely misses the orc.
The orc hits your iron imp with a +0 hand axe.
The orc priest closely misses your iron imp.
The orc closely misses your iron imp.
Your iron imp hits the orc.
The orc priest hits your iron imp with a +0 club.
Your iron imp dies!
Your crimson imp blinks!
The orc throws a stone.
The stone barely misses you.
Casting: Call Imp (safe; 3% risk of failure)
Confirm with . or Enter, or press ? or * to list all spells.
A beastly little devil appears in a puff of flame.
Your crimson imp blinks!
The orc priest calls down the wrath of Beogh upon you.
Beogh smites you!
Ouch! That really hurt!
You die...

§§≈.§###<...#.#######
≈§≈≈§....)..#.#
≈§≈≈[...))#.#.# #
§.≈≈........#.####...#
≈.≈≈......#........#
≈.≈≈....#.#.#.########
...≈.####.#+#.........
.8.§..........########
.....####.......@5o.o###
###### #.....######o.§#
#.....# #.#..# #.....#
♣o.≈..≈. #...).#
#).≈.≈.≈. #.....#
#.≈[≈≈≈≈. #.....#
...♣≈.### #.....#
..≈..≈≈ #..≈ ♣≈≈


You could see an orc priest, 2 orcs and a friendly crimson imp (summoned).

Vanquished Creatures
  An orc priest (D:3)
  An orc (D:3)
  A kobold (D:1)
  A rat (D:2)
4 creatures vanquished.

Vanquished Creatures (collateral kills)
  An adder (D:2)
  A worm (D:2)
  2 dart slugs
  5 orcs (D:3)
  5 ball pythons
  4 bats
  8 endoplasms
  A giant cockroach (D:2)
  7 goblins
  3 hobgoblins
  4 quokkas (D:1)
  A frilled lizard (D:2)
  10 kobolds
  4 rats
56 creatures vanquished.

Vanquished Creatures (others)
  3 fungi (D:2)
3 creatures vanquished.

Grand Total: 63 creatures vanquished

Notes
Turn   | Place    | Note
-------+----------+-------------------------------------------
     0 | D:1      | Spaninq the Djinni Summoner began the quest for the Orb.
     0 | D:1      | Reached XP level 1. HP: 15/15 MP: 0/0
   733 | D:1      | Reached XP level 2. HP: 13/21 MP: 0/0
  2103 | D:2      | Reached XP level 3. HP: 13/25 MP: 0/0
  2103 | D:2      | Learned a level 1 spell: Magic Dart
  2933 | D:2      | Reached skill level 4 in Spellcasting
  4518 | D:2      | Found a faded altar of an unknown god.
  4542 | D:2      | Became a worshipper of Makhleb the Destroyer
  4542 | D:2      | Reached * piety under Makhleb
  5203 | D:3      | Found a white marble altar of Elyvilon.
  5519 | D:3      | Reached XP level 4. HP: 13/31 MP: 0/0
  5957 | D:3      | Killed from afar by an orc priest

Illustrated notes

Levels and vault maps discovered:
D:1:      dpeg_arrival_boxorama, layout_rooms
D:2:      layout_loops_ring, shapermc_ecumenical_altar_gd
D:3:      layout_basic, nicolae_gozag_cash_rules_everything_around_me,
          mainiacjoe_overflow_catwalk, chequers_serial_rivers_marsh, st_stairs_5

Skill      XL: |  1  2  3 |
---------------+----------+-----
Spellcasting   | 4 |  4.4
Dodging        | |  2.1
Stealth        | |  1.5

Action                   |  1- 3 |  4- 6 || total
-------------------------+-------+-------++-------
Melee: Dagger            |    13 |     3 ||    16
 Cast: Summon Small Mamm |    25 |       ||    25
       Call Imp          |   135 |    18 ||   153
Armor: Robe              |     5 |     1 ||     6
Dodge: Dodged            |    24 |     4 ||    28
